AoeStats
← Le Suricate Cocasse

Arabia

504696970Analyzed
2v2 RM · 27d ago on Sep 6, 2026· 38m 0s· 4 players
Game mode
Random Map
Map size
Medium (4 player)
Population
200
Speed
Normal
Resources
Standard
Victory
Conquest
Starting age
Dark Age
Ending age
Imperial Age
RankedLock teamsTeams togetherTeam positionsShared explorationLock speedFull tech treeHidden civsTurbo modeCheats
Victory
Defeat
🇫🇷 Vikings · France
1259
+15
🇨🇭 Lithuanians · Switzerland
1237
+16
🇫🇷 Koreans · France
1319
-19
🇫🇷 Lithuanians · France
1157
-12
Le Cheval
7:08 Loom
9:21 Feudal Age
16:28 Double-Bit Axe
17:33 Fletching
24:48 Castle Age
22:49 Gold Mining
26:09 Bodkin Arrow
25:35 Crossbowman
26:49 Town Watch
28:25 Thumb Ring
32:18 Wheelbarrow
33:31 Gold Shaft Mining
37:59 Imperial Age
Le Suricate Cocasse
5:30 Loom
11:21 Feudal Age
13:39 Wheelbarrow
14:23 Double-Bit Axe
20:30 Castle Age
20:00 Scale Barding Armor
20:06 Forging
21:13 Husbandry
21:25 Bloodlines
21:32 Bow Saw
21:56 Gold Mining
21:58 Stone Mining
26:15 Chain Barding Armor
26:32 Iron Casting
28:57 Squires
28:19 Pikeman
30:33 Scale Mail Armor
Bob
8:10 Feudal Age
9:17 Double-Bit Axe
10:34 Loom
12:37 Horse Collar
16:20 Scale Barding Armor
16:25 Forging
17:07 Forging
19:05 Wheelbarrow
18:33 Gold Mining
19:11 Bloodlines
24:54 Castle Age
25:48 Bow Saw
25:39 Heavy Plow
25:48 Husbandry
26:11 Chain Barding Armor
26:26 Iron Casting
27:48 Hand Cart
31:11 Stone Mining
40:41 Imperial Age
K1ller401
3:07 Loom
9:37 Feudal Age
10:49 Double-Bit Axe
14:16 Fletching
19:16 Padded Archer Armor
22:44 Castle Age
21:57 Gold Mining
21:48 Horse Collar
22:49 Crossbowman
23:25 Bodkin Arrow
23:43 Bow Saw
24:00 Bow Saw
28:07 Ballistics
28:33 Heavy Plow
29:10 Gold Shaft Mining
28:25 Stone Mining
32:27 Stone Mining
36:37 Imperial Age
36:54 Town Watch
36:41 Arbalester
37:22 Bracer
37:38 Leather Archer Armor
37:51 Conscription
Connection lost

Rejoining the realm…

Still unreachable

The connection could not be restored.

Session expired

The server has moved on; the page needs a fresh start.